 Dungeon Crawl Stone Soup version 0.31-a0-128-g25add195a6 (webtiles) character file.

Game seed: 16999278522081311727

7205 ragingrage the Fighter (level 11, -7/72 HPs)
             Began as an Octopode Warper on June 1, 2023.
             Was a Believer of Hepliaklqana.
             Mangled by a sixfirhy (11 damage)
             ... on level 2 of the Abyss.
             The game lasted 00:15:18 (10074 turns).

ragingrage the Fighter (Octopode Warper)           Turns: 10074, Time: 00:15:18

Health: -7/72      AC:  1    Str: 14    XL:     11   Next: 11%
Magic:  14/14      EV: 15    Int: 20    God:    Hepliaklqana [**....]
Gold:   459        SH:  0    Dex: 16    Spells: 4/14 levels left

rFire   + . .        a - +1 dagger (venom)
rCold   . . .        E - orb {light}
rNeg    + + .        (helmet restricted)
rPois   +            f - amulet of Cerghal {Faith Fragile rN+ Str+3 Int+2}
rElec   .            m - ring of protection from fire
rCorr   .            j - ring of positive energy
SInv    .            c - ring of Uruoxt {Drain rPois Int+3}
Will    .....        (no ring)
Stlth   ++           (no ring)
HPRegen 0.32/turn    (no ring)
MPRegen 0.14/turn    (no ring)
                     (no ring)

%: faith
@: about to teleport, hasted, glowing, very quick
A: reduced essence, almost no armour, amphibious, 8 rings, camouflage 1,
gelatinous body 1, (nimble swimmer 1), tentacles
a: Renounce Religion, Recall Ancestor, Ancestor Identity


You were on level 2 of the Abyss.
You worshipped Hepliaklqana.
Hepliaklqana was pleased with you.
You visited 1 branch of the dungeon, and saw 9 of its levels.
You visited the Abyss 1 time.
You also visited: Sewer and Ossuary.

You collected 492 gold pieces.
You spent 33 gold pieces at shops.

Inventory:

Hand Weapons
 a - a +1 dagger of venom (weapon)
 b - the +6 sling of Viyn {elec, rN+ Int+4}
   (You found it on level 3 of the Dungeon)

   Int:       It affects your intelligence (+4).
   rN:        It protects you from negative energy.
 l - a +0 scimitar
 v - a +2 short sword of freezing
 Q - a +3 orcbow
Missiles
 n - 2 throwing nets (quivered)
 w - 11 poisoned darts
 S - 4 boomerangs
Armour
 E - an orb of light (worn)
Jewellery
 c - the ring of Uruoxt (on tentacle) {Drain rPois Int+3}
   (You acquired it on level 8 of the Dungeon)

   [ring of poison resistance]

   Int:       It affects your intelligence (+3).
   rPois:     It protects you from poison.
   Drain:     It drains your maximum health when unequipped.
 f - the amulet of Cerghal (around mantle) {Faith Fragile rN+ Str+3 Int+2}
   (You acquired it on level 8 of the Dungeon)

   [amulet of faith]

   It allows you to gain divine favour quickly.
   Str:       It affects your strength (+3).
   Int:       It affects your intelligence (+2).
   rN:        It protects you from negative energy.
   Fragile:   It will be destroyed if unequipped.
 j - a ring of positive energy (right tentacle)
 m - a ring of protection from fire (left tentacle)
 t - an amulet of the acrobat
Wands
 p - a wand of paralysis (13)
 D - a wand of flame (17)
 F - a wand of roots (14)
 H - a wand of light (10)
 R - a wand of polymorph (6)
Scrolls
 d - 5 scrolls of teleportation
 g - 3 scrolls of immolation
 h - 3 scrolls of fear
 i - 2 scrolls of amnesia {unknown}
 o - 2 scrolls of summoning
 r - 2 scrolls of blinking
 s - 4 scrolls of fog
 x - a scroll of magic mapping {unknown}
 y - a scroll of enchant armour {unknown}
 K - a scroll of silence
 L - a scroll of vulnerability {unknown}
 N - a scroll of enchant weapon {unknown}
 P - 2 scrolls of brand weapon {unknown}
Potions
 e - 3 potions of brilliance
 k - 4 potions of might
 q - 6 potions of heal wounds
 u - 3 potions of attraction {unknown}
 z - 2 potions of lignification {unknown}
 A - 2 potions of haste
 B - 7 potions of enlightenment
 C - a potion of resistance {unknown}
 G - a potion of magic {unknown}
 I - 2 potions of cancellation {unknown}
 M - a potion of curing {unknown}
 O - a potion of mutation {unknown}


   Skills:
 - Level 9.4 Fighting
 - Level 8.8(9.1) Short Blades
 - Level 3.2(6.5) Long Blades
 + Level 9.0 Ranged Weapons
 - Level 1.0 Throwing
 - Level 5.0 Dodging
 - Level 3.0 Stealth
 - Level 2.0 Spellcasting
 + Level 3.2 Conjurations
 - Level 2.0 Hexes
 - Level 3.0 Translocations
 - Level 6.0 Ice Magic
 - Level 1.0 Evocations


You had 4 spell levels left.
You knew the following spells:

 Your Spells              Type           Power      Damage    Failure   Level
a - Frozen Ramparts       Ice            52%        1d8       4%          3
b - Blink                 Tloc           28%        N/A       7%          2
c - Ensorcelled Hibernat  Hex/Ice        36%        N/A       4%          2
d - Hailstorm             Conj/Ice       20%        3d6       7%          3

Your spell library contained the following spells:

 Spells                   Type           Power      Damage    Failure   Level
 Freeze                   Ice            100%       1d10      1%          1
 Lesser Beckoning         Tloc           28%        N/A       7%          2
 Teleport Other           Tloc           14%        N/A       14%         3
 Sandblast                Erth           4%         2d4       16%         1
 Passwall                 Tmut/Erth      1%         N/A       24%         2
 Poisonous Vapours        Pois/Air       4%         N/A       24%         2
 Scorch                   Fire           4%         2d5       24%         2
 Stone Arrow              Conj/Erth      16%        3d8       24%         3
 Vhi's Electric Charge    Tloc/Air       16%        N/A       26%         3
 Mephitic Cloud           Conj/Pois/Air  6%         N/A       30%         3
 Manifold Assault         Tloc           14%        N/A       41%         4
 Spider Form              Tmut/Pois      2%         N/A       43%         3
 Flame Wave               Conj/Fire      8%         2d5       63%         4
 Anguish                  Hex/Necr       3%         N/A       71%         4
 Freezing Cloud           Conj/Ice/Air   7%         6-21      77%         5
 Summon Cactus Giant      Summ           1%         N/A       100%        6
 Borgnjor's Revivificati  Necr           1%         N/A       100%        8
 Necromutation            Tmut/Necr      1%         N/A       100%        8
 Death's Door             Necr           1%         N/A       100%        9


Dungeon Overview and Level Annotations

Branches:
Dungeon (9/15)             Temple (0/1) D:6           Sewer (visited)
Ossuary (visited)
   Lair: D:8-11         Orc: D:9-12

Altars:
Fedhas
Gozag
Hepliaklqana

Shops:
D:2 *   D:7 *

Annotations:
D:4 exclusion: downstairs


Innate Abilities, Weirdness & Mutations

Your life essence is reduced to manifest your ancestor. (-10% HP)
You cannot wear most types of armour.
You are amphibious.
You can wear up to eight rings at the same time.
Your skin changes colour to match your surroundings (Stealth+).
Your rubbery body absorbs attacks. (AC +1, EV +1)
((You are camouflaged when in or above water. (Stealth+)))
You have tentacles for arms and can constrict up to eight enemies at once.


Message History

Reactivating autopickup.
You see here 17 gold pieces.
Unknown command.
A black draconian knight comes into view.
It is wielding a +0 dire flail of protection.
The black draconian knight roars!
A large abomination comes into view.
The black draconian knight mumbles some strange words.
The black draconian knight seems to speed up.
As you read the scroll of teleportation, it crumbles to dust.
You feel strangely unstable.
You feel the power of the Abyss delaying your translocation!
The black draconian knight gestures wildly while chanting.
The black draconian knight flickers and vanishes for a moment.
The bone dragon bites you. The bone dragon barely misses you. x2
Blink to where?
Press: ? - help, Dir - move target Floosh!
You fall into the shallow water.
A raiju and an unseen horror come into view.
As you read the scroll of blinking, it crumbles to dust.
The raiju barks!
A wretched star comes into view.
The unseen horror closely misses you.
A starcursed mass comes into view.
Blink to where?
Press: ? - help, Dir - move target A sixfirhy comes into view.
As you read the scroll of blinking, it crumbles to dust.
An ufetubus comes into view.
You feel yourself speed up. The sixfirhy closely misses you.
The sixfirhy hits you! The sixfirhy shocks you! The sixfirhy hits you!
* * * LOW HITPOINT WARNING * * *
The sixfirhy shocks you!
* * * LOW HITPOINT WARNING * * *
A starcursed mass splits.
As you read the scroll of summoning, it crumbles to dust.
Wisps of shadow whirl around you... The sixfirhy hits you.
* * * LOW HITPOINT WARNING * * *
The sixfirhy shocks you!
You die...

##### .~? # #.#
##.##X##3##5#
....§§.@....#
##.##§##3##.# #
#x# ### ... q≈
### #.## #. #$#
#!##.##.##.##.#
#≈..h..~.X D.*#
# ##X##.##.##$#
# # #. ###


You could see a starcursed mass, a sixfirhy (ally target), an unseen horror
(invisible, ally target), a raiju, an ufetubus (asleep), a friendly thrashing
horror (summoned, wandering) and a friendly smoke demon (summoned).

Vanquished Creatures
  A centaur warrior (D:8)
  Pikel (D:4)
  A gargoyle (D:8)
  An unseen horror (D:8)
  A kobold demonologist (D:7)
  A hornet (D:9)
  Sigmund (D:5)
  A wyvern (D:8)
  A vampire mosquito (D:9)
  2 steam dragons
  7 orc warriors
  2 sky beasts
  An ogre (D:6)
  2 centaurs
  A kobold brigand (D:8)
  A lemure (D:4)
  3 bullfrogs
  A gnoll sergeant (D:5)
  3 scorpions
  12 wights
  7 killer bees
  A howler monkey (D:5)
  A human zombie (Ossuary)
  3 orc priests
  3 hounds
  2 jellies
  Ijyb (D:3)
  2 gnoll boudas
  A sleepcap (D:8)
  An iguana (D:5)
  6 orc wizards
  2 mummies (Ossuary)
  12 gnolls
  13 adders
  4 river rats (Sewer)
  A shadow imp (D:5)
  A white imp (D:7)
  3 worms
  3 dart slugs
  23 orcs
  14 ball pythons
  3 bats
  5 endoplasms
  3 giant cockroaches
  12 goblins
  6 hobgoblins
  7 quokkas
  8 frilled lizards
  A gnoll zombie (Ossuary)
  2 hobgoblin zombies (Ossuary)
  9 kobolds
  2 kobold zombies (Ossuary)
  2 orc zombies (Ossuary)
  11 rats
219 creatures vanquished.

Vanquished Creatures (collateral kills)
  A wyvern (D:8)
  A water moccasin (D:8)
  3 bullfrogs
  3 wights
  2 killer bees
  An orc priest (D:8)
  3 orc wizards (D:7)
  A mummy (Ossuary)
  A white imp (D:7)
  2 orcs
18 creatures vanquished.

Vanquished Creatures (others)
  7 ancestors
7 creatures vanquished.

Grand Total: 244 creatures vanquished

Notes
Turn   | Place    | Note
-------+----------+-------------------------------------------
     0 | D:1      | ragingrage the Octopode Warper began the quest for the Orb.
     0 | D:1      | Reached XP level 1. HP: 14/14 MP: 3/3
    68 | D:1      | Reached XP level 2. HP: 8/19 MP: 5/5
   470 | D:1      | Reached skill level 1 in Stealth
   668 | D:2      | Reached XP level 3. HP: 24/24 MP: 6/6
   672 | D:2      | Learned a level 3 spell: Frozen Ramparts
   895 | D:2      | Reached XP level 4. HP: 8/29 MP: 7/7
  1028 | D:2      | Found Igainit's General Store.
  1029 | D:2      | Reached XP level 5. HP: 46/46 MP: 8/8
  1032 | D:2      | Bought a scroll of teleportation for 33 gold pieces
  1035 | D:2      | Learned a level 2 spell: Blink
  1678 | D:3      | Noticed Ijyb
  1682 | D:3      | Killed Ijyb
  1683 | D:3      | Reached XP level 6. HP: 53/53 MP: 9/9
  1902 | D:3      | Identified the +6 sling of Viyn {elec, rN+ Int+4}
  3412 | D:4      | Noticed Pikel
  3435 | D:4      | Killed Pikel
  3436 | D:4      | Reached skill level 1 in Evocations
  3436 | D:4      | Reached XP level 7. HP: 15/57 MP: 6/10
  4460 | D:5      | Entered Level 5 of the Dungeon
  4462 | D:5      | Reached XP level 8. HP: 63/63 MP: 11/11
  5112 | D:5      | Found a hazy altar of Hepliaklqana.
  5138 | D:5      | Noticed Sigmund
  5149 | D:5      | Killed Sigmund
  5169 | D:5      | Became a worshipper of Hepliaklqana the Forgotten
  5234 | D:5      | Reached skill level 5 in Ranged Weapons
  5389 | D:5      | Reached XP level 9. HP: 69/69 MP: 12/12
  5694 | D:6      | Found a glowing drain.
  5713 | Sewer    | Entered a sewer
  6064 | Sewer    | Reached * piety under Hepliaklqana
  6134 | D:6      | Found a staircase to the Ecumenical Temple.
  6146 | D:6      | Found a sand-covered staircase.
  6151 | Ossuary  | Entered an ossuary
  6727 | D:6      | Learned a level 2 spell: Ensorcelled Hibernation
  7053 | D:7      | Found Uxkef's General Store.
  7144 | D:7      | Noticed a kobold demonologist
  7148 | D:7      | Noticed a soul eater
  7148 | D:7      | Noticed an orange demon
  7156 | D:7      | Killed a kobold demonologist
  7157 | D:7      | Reached skill level 1 in Hexes
  7266 | D:7      | Reached XP level 10. HP: 28/66 MP: 8/13
  7563 | D:7      | Learned a level 3 spell: Hailstorm
  7834 | D:7      | Reached skill level 1 in Conjurations
  8385 | D:8      | Noticed a gargoyle
  8391 | D:8      | Killed a gargoyle
  8863 | D:8      | Noticed an unseen horror
  8872 | D:8      | Killed an unseen horror
  9052 | D:8      | Found a blossoming altar of Fedhas.
  9077 | D:8      | Noticed a centaur warrior
  9101 | D:8      | Killed a centaur warrior
  9102 | D:8      | Reached skill level 5 in Dodging
  9310 | D:8      | Identified 2 scrolls of acquirement
  9310 | D:8      | Acquired the ring of Uruoxt {Drain rPois Int+3}
  9313 | D:8      | Acquired the amulet of Cerghal {Faith Fragile rN+ Str+3
                  | Int+2}
  9394 | D:8      | Reached ** piety under Hepliaklqana
  9395 | D:8      | Remembered your ancestor Senakhtenre as a knight
  9628 | D:8      | Reached XP level 11. HP: 65/72 MP: 14/14
 10017 | D:9      | Found an opulent altar of Gozag.
 10047 | D:9      | Noticed a wizard
 10065 | D:9      | Noticed a cyclops
 10066 | Abyss:2  | Noticed a wretched star
 10066 | Abyss:2  | Noticed a bone dragon
 10066 | Abyss:2  | Cast into level 2 of the Abyss (a wizard)
 10068 | Abyss:2  | Noticed a black draconian knight
 10068 | Abyss:2  | Noticed a large abomination
 10070 | Abyss:2  | Noticed a wretched star
 10070 | Abyss:2  | Noticed a starcursed mass
 10071 | Abyss:2  | Noticed a sixfirhy
 10074 | Abyss:2  | Mangled by a sixfirhy

Illustrated notes

Levels and vault maps discovered:
D:1:      minmay_arrival_diagonal_passages, layout_rooms, serial_bayou_pond_b,
          minmay_misc_feat_room
D:2:      minmay_evil_eye, layout_loops_ring, serial_shops, shop, st_stairs_2,
          serial_bayou_ford_a
D:3:      layout_basic, ebering_dispersal_statue_hall, minmay_cut_off, uniq_ijyb
D:4:      layout_loops_ring, serial_forest, infiniplex_forest_corner_1,
          infiniplex_forest_lined_1, infiniplex_forest_clump_long,
          infiniplex_forest_clump_curved, infiniplex_forest_clump_large,
          infiniplex_forest_lined_1, infiniplex_forest_straight_2, uniq_pikel
D:5:      layout_loops_ring, old_standard_altar, nicolae_grassy_gnolls,
          uniq_sigmund
D:6:      layout_rooms, minmay_temple_entry_mini_moons, enter_ossuary_2,
          cheibrodos_sewer_entry_drain, minmay_misc_feat_iff
D:7:      layout_loops_cross, serial_shops, shop, serial_park_tiny_1,
          kennysheep_nub, hangedman_abyss_or_decor_jellyfish_corner
D:8:      minmay_ornate_pinched, layout_basic, lemuel_coloured_pillars_altar
D:9:      minmay_the_grid_octo_2x2 [minmay_the_grid_octo_shrine,
          minmay_the_grid_octo_focus, minmay_the_grid_octo_toaster,
          minmay_the_grid_octo_prize_ultimate_mussel_roller],
          layout_irregular_city, mainiacjoe_overflow_chevrons, lair_entry_dummy
Abyss:2:  base: D:4, hangedman_cross_veins

Skill      XL: |  1  2  3  4  5  6  7  8  9 10 11 |
---------------+----------------------------------+-----
Long Blades    | 3 |  3.2
Stealth        | 1 2 3 |  3.0
Short Blades   | 8 |  8.8
Ice Magic      | 6 |  6.0
Fighting       | 9 |  9.4
Ranged Weapons | 2 5 6 8 9 |  9.0
Evocations     | 1 |  1.0
Dodging        | 3 5 |  5.0
Hexes          | 1 2 |  2.0
Conjurations   | 3 |  3.2
Throwing       | |  1.0
Spellcasting   | |  2.0
Translocations | |  3.0

Action                     |  1- 3 |  4- 6 |  7- 9 | 10-12 || total
---------------------------+-------+-------+-------+-------++-------
  Melee: Falchion          |    45 |       |       |       ||    45
         Tentacles         |    10 |    11 |    62 |    27 ||   110
         Constrict         |    12 |    12 |    46 |    12 ||    82
         Dagger            |     7 |    62 |   156 |    37 ||   262
         Short sword       |       |       |    10 |    28 ||    38
         Punch             |       |       |     4 |     2 ||     6
   Fire: Sling             |       |    62 |    85 |    96 ||   243
  Throw: Boomerang         |       |     3 |     2 |     2 ||     7
   Cast: Frozen Ramparts   |       |     7 |     8 |     3 ||    18
         Hailstorm         |       |       |       |    12 ||    12
 Invoke: Recall Ancestor   |       |       |     1 |     3 ||     4
         Ancestor Life: Kn |       |       |       |     1 ||     1
  Evoke: Wand              |       |       |       |     2 ||     2
    Use: Potion            |     1 |     1 |       |     3 ||     5
         Scroll            |       |       |     2 |    12 ||    14
   Stab: Sleeping          |     8 |     7 |     9 |       ||    24
 Armour: Skin              |     2 |     3 |     4 |     3 ||    12
  Dodge: Dodged            |    29 |    28 |    90 |    48 ||   195

Table legend: (Time is in decaauts)
 A = Elapsed time spent in this place.
 B = Non-inter-level travel time spent in this place.
 C = Inter-level travel time spent in this place.
 D = Time resting spent in this place.
 E = Time spent auto-exploring this place.
 F = Levels seen in this place.
 G = Mean time per level.
                   A        B        C        D        E       F      G
               +--------+--------+--------+--------+--------+-----+--------+
         Total |   9968 |   9558 |    410 |   2973 |   4968 |  12 |  830.7 |
       Dungeon |   9315 |   8905 |    410 |   2836 |   4634 |   9 | 1035.0 |
         Abyss |      7 |      7 |      0 |      0 |      0 |   1 |    7.0 |
         Sewer |    398 |    398 |      0 |     86 |    203 |   1 |  398.0 |
       Ossuary |    248 |    248 |      0 |     51 |    131 |   1 |  248.0 |
               +--------+--------+--------+--------+--------+-----+--------+

Top non-repeatable levels by time:
     D:4: 1933 daAuts
     D:7: 1458 daAuts
     D:5: 1090 daAuts
     D:8: 1075 daAuts
     D:3: 982 daAuts
     D:6: 963 daAuts
     D:2: 947 daAuts
     D:1: 665 daAuts
   Sewer: 398 daAuts
 Ossuary: 248 daAuts
     D:9: 198 daAuts
 Abyss:2: 7 daAuts
